 Dungeon Crawl Stone Soup version 0.25.1-2-g60ff931df9 (webtiles) character file.

Game seed: 16451101483209831065

200 demenzo the Sneak (level 5, -1/36 HPs)
             Began as an Octopode Assassin on Oct 21, 2020.
             Was an Initiate of Ru.
             Slain by an orc priest (4 damage)
             ... on level 3 of the Dungeon.
             The game lasted 00:04:35 (3648 turns).

demenzo the Sneak (Octopode Assassin)               Turns: 3648, Time: 00:04:36

Health: -1/36      AC:  1    Str: 10    XL:     5   Next: 79%
Magic:  5/5        EV: 13    Int: 15    God:    Ru [......]
Gold:   37         SH:  0    Dex: 13    Spells: 4/4 levels left

rFire    . . .     SeeInvis .   a - +2 dagger
rCold    . . .     Gourm    .   (no shield)
rNeg     . . .     Faith    .   (helmet restricted)
rPois    .         Spirit   .   (no amulet)
rElec    .         Reflect  .   (no ring)
rCorr    .         Harm     .   (no ring)
MR       .....                  (no ring)
Stlth    ++++......             (no ring)
HPRegen  0.12/turn              (no ring)
MPRegen  0.09/turn              (no ring)
                                (no ring)
                                (no ring)

@: no status effects
A: almost no armour, stealthy swim, amphibious, 8 rings, constrict 8, camouflage
1, gelatinous body 1
a: Renounce Religion


You were on level 3 of the Dungeon.
You worshipped Ru.
Ru was noncommittal.
You were hungry.

You visited 1 branch of the dungeon, and saw 3 of its levels.

You collected 37 gold pieces.

Inventory:

Hand Weapons
 a - a +2 dagger (weapon)
 b - a +2 hunting sling of flaming
Missiles
 c - 2 curare-tipped darts
 k - 46 stones
 n - 3 boomerangs
 r - 8 poisoned darts (quivered)
 y - 18 sling bullets
Armour
 g - a +0 kite shield
Jewellery
 f - an uncursed amulet of reflection {unknown}
 h - an uncursed ring of flight {unknown}
Scrolls
 i - a scroll of teleportation {unknown}
 j - a scroll of fear {unknown}
 m - 3 scrolls of identify {unknown}
 s - a scroll of remove curse {unknown}
 t - a scroll of noise {unknown}
 u - a scroll of enchant armour {unknown}
 w - a scroll of enchant weapon {unknown}
 z - a scroll of amnesia {unknown}
Potions
 e - a potion of haste {unknown}
 l - 2 potions of cancellation {unknown}
 o - a potion of lignification {unknown}
 p - a potion of heal wounds {unknown}
 q - a potion of flight {unknown}
 x - a potion of invisibility {unknown}
Comestibles
 d - 7 rations


   Skills:
 + Level 3.1 Fighting
 * Level 3.9 Short Blades
 - Level 2.0 Throwing
 - Level 2.0 Dodging
 + Level 6.3 Stealth
 + Level 1.2 Shields


You had 4 spell levels left.
You didn't know any spells.
Your spell library was empty.

Dungeon Overview and Level Annotations

Branches:
Dungeon (3/15)

Altars:
Elyvilon
Gozag
Ru
Vehumet

Annotations:
D:3 Natasha, Robin, Sigmund


Innate Abilities, Weirdness & Mutations

You cannot wear most types of armour.
You are very stealthy in the water. (Stealth+)
You are amphibious.
You can wear up to eight rings at the same time.
You can use your tentacles to constrict eight enemies at once.
Your skin changes colour to match your surroundings (Stealth+).
Your rubbery body absorbs attacks. (AC +1, EV +1)


Message History

You barely miss the adder.
The adder is lightly wounded.
You constrict the orc priest, but do no damage.
You constrict the adder. The adder misses you.
The orc priest looks satisfied for a moment.
You hit the adder.
The adder is heavily wounded.
You constrict the orc priest, but do no damage.
You constrict the adder. The adder closely misses you.
You barely miss the adder.
The adder is almost dead.
You constrict the orc priest. You constrict the adder.
The orc priest mumbles some strange prayers to Beogh against you.
Pain shoots through your body!
* * * LOW HITPOINT WARNING * * *
The adder barely misses you.
You hit the adder.
You kill the adder!
You constrict the orc priest. The orc priest hits you.
You die...

...........#..........
.........##..........#.#
..........#......!...#.#
........#............#.#
.......###...........#..
.......# .............#
.......# ##!.....).#.#
........ ##...†....#.##
.....#.# #....o@...<..#
##.....# ............#.#
#.#.### .#..........# #
>..............#
.#.............#
##............#
##......##...# ########
...# ...#


You could see an orc priest.

Vanquished Creatures
  An orc wizard (D:2)
  Natasha (D:3)
  4 adders
  3 worms
  3 dart slugs (D:2)
  A leopard gecko (D:3)
  8 orcs
  4 giant cockroaches
  12 hobgoblins
  3 jackals (D:1)
  3 quokkas (D:2)
  8 bats
  4 frilled lizards (D:2)
  12 goblins
  10 kobolds
  11 rats
  A plant (D:2)
89 creatures vanquished.

Vanquished Creatures (others)
  A dart slug (D:2)
1 creature vanquished.

Grand Total: 90 creatures vanquished

Notes
Turn   | Place    | Note
-------+----------+-------------------------------------------
     0 | D:1      | demenzo the Octopode Assassin began the quest for the Orb.
     0 | D:1      | Reached XP level 1. HP: 14/14 MP: 1/1
   259 | D:1      | Reached XP level 2. HP: 19/19 MP: 2/2
   930 | D:1      | Reached XP level 3. HP: 24/24 MP: 3/3
  1308 | D:2      | Found a faded altar of an unknown god.
  1419 | D:2      | Reached XP level 4. HP: 8/30 MP: 4/4
  1940 | D:2      | Reached skill level 6 in Stealth
  2091 | D:2      | Reached XP level 5. HP: 36/36 MP: 5/5
  2098 | D:2      | Found a radiant altar of Vehumet.
  2440 | D:2      | Found a white marble altar of Elyvilon.
  2563 | D:2      | Found a sacrificial altar of Ru.
  2595 | D:2      | Became a worshipper of Ru the Awakened
  2665 | D:3      | Noticed Robin
  2989 | D:3      | Found an opulent altar of Gozag.
  2996 | D:3      | Noticed Sigmund
  3281 | D:3      | Noticed Natasha
  3289 | D:3      | Killed Natasha
  3289 | D:3      | Reached skill level 1 in Shields
  3411 | D:3      | Noticed Natasha
  3648 | D:3      | Slain by an orc priest

Illustrated notes

Levels and vault maps discovered:
D:1:      mrwooster_arrival_arrow, layout_basic
D:2:      minmay_evil_eye, layout_basic, vehumet_crystals,
          nicolae_ru_the_path_less_chosen, first_ration,
          chequers_ecumenical_altar_island, elyvilon_altar_4
D:3:      layout_rooms, nicolae_gozag_seed_capital,
          nicolae_ashenzari_panopticon, uniq_sigmund, uniq_robin, uniq_natasha

Skill      XL: |  1  2  3  4  5 |
---------------+----------------+-----
Short Blades   | 3 |  3.9
Dodging        | 2 |  2.0
Stealth        | 6 |  6.3
Fighting       | 3 |  3.1
Shields        | 1 |  1.2
Throwing       | |  2.0

Action                   |  1- 3 |  4- 6 || total
-------------------------+-------+-------++-------
Melee: Dagger            |    65 |   133 ||   198
       Constrict         |    13 |    27 ||    40
       Tentacles         |     7 |    32 ||    39
 Fire: Hunting sling     |       |    24 ||    24
 Stab: Sleeping          |    13 |     2 ||    15
       Distracted        |     1 |     1 ||     2
  Eat: Chunk             |     1 |     7 ||     8
Armor: Skin              |     6 |     7 ||    13
Dodge: Dodged            |    33 |    69 ||   102
